 Dungeon Crawl Stone Soup version 0.30-a0-626-gd6a5dd7a1f (webtiles) character file.

Game seed: 5399280372732496975

43731 Leeroy the Spry (level 14, 0/115 HPs)
             Began as a Merfolk Gladiator on Jan 11, 2023.
             Was a High Priest of Wu Jian.
             Hit by a large rock thrown by a stone giant (31 damage)
             ... on level 1 of the Depths.
             The game lasted 00:39:19 (20465 turns).

Leeroy the Spry (Merfolk Gladiator)                Turns: 20465, Time: 00:39:20

Health: 0/115      AC: 13    Str: 14    XL:     14   Next: 25%
Magic:  14/14      EV: 26    Int: 14    God:    Wu Jian [*****.]
Gold:   1526       SH: 12    Dex: 24    Spells: 13/13 levels left

rFire   + . .      SeeInvis .    y - +7 rapier "Deorots" {flame, Dex+4}
rCold   . . .      Faith    .    U - +2 buckler
rNeg    . . .      Spirit   .    D - +0 scale mail {rF+}
rPois   .          Reflect  +    c - +0 helmet
rElec   .          Harm     .    (no cloak)
rCorr   .          Rampage  .    w - +0 pair of gloves
Will    +....                    (boots currently unavailable)
Stlth   +++++                    H - amulet of reflection
HPRegen 0.39/turn                B - +4 ring of protection
MPRegen 0.14/turn                f - +6 ring of intelligence

@: hasted (expiring), very quick
A: nimble swimmer 2, mertail
a: Renounce Religion, Wall Jump, Serpent's Lash, Heavenly Storm


You were on level 1 of the Depths.
You worshipped Wu Jian.
Wu Jian was extremely pleased with you.
You visited 4 branches of the dungeon, and saw 19 of its levels.

You collected 1526 gold pieces.

Inventory:

Hand Weapons
 b - a +0 double sword of freezing
 y - the +7 rapier "Deorots" (weapon) {flame, Dex+4}
   (You found it on level 13 of the Dungeon)

   Dex:       It affects your dexterity (+4).
 F - a +0 great sword of flaming
 O - the +6 rapier of Hutoat {drain, rPois rF+ rC+ MP+9}
   (You found it on level 6 of the Dungeon)

   rF:        It protects you from fire.
   rC:        It protects you from cold.
   rPois:     It protects you from poison.
   MP:        It affects your magic capacity (+9).
 V - a +4 great sword of freezing
 W - a +7 scimitar of freezing
 Z - the +8 long sword of the Silent Majority {speed, Fly}
   (You found it on level 8 of the Dungeon)

   Fly:       It grants you flight.
Missiles
 k - 2 throwing nets
 q - 62 poisoned darts
 x - 2 curare-tipped darts
Armour
 c - a +0 helmet (worn)
 w - a +0 pair of gloves (worn)
 D - a +0 scale mail of fire resistance (worn)
 U - a +2 buckler (worn)
Jewellery
 f - a +6 ring of intelligence (right hand)
 B - a +4 ring of protection (left hand)
 H - an amulet of reflection (around neck)
 L - a ring of fire
 N - a ring of magical power
 Y - a ring of ice
Wands
 e - a wand of polymorph (1)
 h - a wand of roots (7)
 r - a wand of digging (14)
 J - a wand of paralysis (20) (quivered)
 P - a wand of flame (49)
Scrolls
 d - a scroll of blinking
 g - 3 scrolls of magic mapping
 i - 3 scrolls of amnesia
 j - 2 scrolls of poison
 p - 6 scrolls of enchant armour
 s - a scroll of torment
 t - 4 scrolls of silence
 v - 8 scrolls of teleportation
 z - a scroll of enchant weapon
 C - 3 scrolls of fog
 I - 2 scrolls of immolation
 Q - 2 scrolls of vulnerability
 T - a scroll of noise {unknown}
 X - 2 scrolls of summoning
Potions
 a - 2 potions of haste
 l - 2 potions of cancellation
 m - 2 potions of attraction
 n - a potion of ambrosia {unknown}
 o - 3 potions of brilliance {unknown}
 u - 4 potions of might {unknown}
 A - a potion of lignification {unknown}
 E - a potion of magic
 G - a potion of berserk rage
 K - 4 potions of mutation {unknown}
 M - 7 potions of curing
 R - a potion of invisibility {unknown}


   Skills:
 - Level 12.0 Fighting
 - Level 15.0 Long Blades
 - Level 2.0 Throwing
 - Level 5.0 Armour
 - Level 17.4 Dodging
 + Level 12.6 Stealth
 - Level 0.3 Shields
 - Level 1.0 Evocations


You had 13 spell levels left.
You didn't know any spells.
Your spell library contained the following spells:

 Spells                   Type           Power      Damage    Failure   Level
 Beastly Appendage        Tmut           0%         N/A       83%         1
 Cigotuvi's Dreadful Rot  Necr/Pois/Air  0%         N/A       93%         2
 Poisonous Vapours        Pois/Air       0%         N/A       93%         2
 Wereblood                Tmut           0%         N/A       93%         2
 Call Canine Familiar     Summ           0%         N/A       99%         3
 Dazzling Flash           Conj/Hex       0%         N/A       99%         3
 Gell's Gravitas          Tloc           0%         N/A       99%         3
 Inner Flame              Hex/Fire       0%         N/A       99%         3
 Lesser Beckoning         Tloc           0%         N/A       99%         3
 Mephitic Cloud           Conj/Pois/Air  0%         N/A       99%         3
 Ozocubu's Armour         Ice            0%         N/A       99%         3
 Portal Projectile        Hex/Tloc       0%         N/A       99%         3
 Spider Form              Tmut/Pois      0%         N/A       99%         3
 Teleport Other           Tloc           0%         N/A       99%         3
 Tukima's Dance           Hex            0%         N/A       99%         3
 Flame Wave               Conj/Fire      0%         2d4       100%        4
 Iskenderun's Mystic Bla  Conj/Tloc      0%         2d3       100%        4
 Leda's Liquefaction      Hex/Erth       0%         N/A       100%        4
 Sticky Flame             Conj/Fire      0%         2d3       100%        4
 Blade Hands              Tmut           0%         N/A       100%        5
 Dispersal                Tloc           0%         N/A       100%        6
 Starburst                Conj/Fire      0%         6d3       100%        6
 Ozocubu's Refrigeration  Ice            0%         4d7       100%        7


Dungeon Overview and Level Annotations

Branches:
Dungeon (15/15) Temple (1/1) D:4 Lair (2/5) D:9 Swamp (0/4) Lair:2 Orc (0/2) D:11 Vaults (0/5) D:13 D:14 Depths (1/4) D:15 Snake: Lair:2-3 Spider: Lair:2-3

Altars:
Ashenzari
Cheibriados
Dithmenos
Elyvilon
Fedhas
Gozag
Hepliaklqana
Kikubaaqudgha
Makhleb
Nemelex Xobeh
Okawaru
Qazlal
Ru
Sif Muna
Trog
Uskayaw
Vehumet
Wu Jian
Xom
Yredelemnul
Zin
The Shining One

Shops:
D:7 [

Annotations:
D:5 1 runed translucent door, initializr's ghost, amateur OgTm
Temple Dowan, Duvessa
Lair:2 initializr's ghost, journeyman KoBr


Innate Abilities, Weirdness & Mutations

You are very nimble when in or above water. (Stealth+, EV+, Speed+++)
Your lower body shifts to a powerful aquatic tail in water.


Message History

The freezing wraith is moderately damaged.
You barely miss the freezing wraith.
The freezing wraith is moderately damaged.
The necrophage closely misses you. You block the freezing wraith's attack.
The freezing wraith hits you. The freezing wraith drains your vigour!
You feel as though you will be slow longer.
You spin and attack the necrophage repeatedly.
You puncture the necrophage! You burn the necrophage.
You destroy the necrophage!
The necrophage's corpse disappears in a puff of smoke!
The flying skull hits you but does no damage.
The freezing wraith attacks as you move away!
The freezing wraith misses you. You block the freezing wraith's attack.
You block something's attack. Something bites you.
* * * LOW HITPOINT WARNING * * *
Something draws strength from your injuries!
Things that are here:
a +2 battleaxe of freezing; 40 gold pieces Something misses you.
Something bites you!
* * * LOW HITPOINT WARNING * * *
Something draws strength from your injuries!
The flying skull barely misses you.
Okay, then.
Blink to where?
Press: ? - help, Dir - move target
As you read the scroll of blinking, it crumbles to dust.
You feel less exhausted.
The flying skull disappears in a puff of smoke!
A sphinx comes into view.
The sphinx moves out of view.
An iron troll comes into view.
You feel yourself speed up.
Your extra speed is starting to run out.
The stone giant shouts!
The iron troll shouts!
You hear a shout! x3
An ice dragon, a deep troll shaman and an iron troll come into view. 2 deep trolls come into view.
The deep troll moves out of view.
Your legs become a tail as you enter the water.
The stone giant throws a large rock.
The large rock hits you!!
You die...

............~~.#
...............~~..#
...................####
..............##......##
T..............####......#
.T.............#####...###
............#..........#
...T..#.^.........~..###
......#.C.@...H...~..#
..................~..#
.........#.........###
........###..##.....#
D.#........######..##
............### ####
..............#
.......##.....######
...................#


You could see a sphinx (wandering) and a stone giant.

Vanquished Creatures
  A frost giant (Depths:1)
  A fire giant (D:15)
  A hydra (D:15)
  A catoblepas (D:13)
  4 boulder beetles
  6 centaur warriors
  4 two-headed ogres
  Urug (D:14)
  2 wizards (D:13)
  A deep elf pyromancer (D:14)
  A harpy (D:13)
  6 manticores
  6 ugly things
  Maurice (D:9)
  5 cyclopes
  A moth of wrath (shapeshifter) (D:13)
  Joseph (D:7)
  2 cane toads (Lair:1)
  A gargoyle (D:14)
  3 orange demons (D:12)
  A rime drake (Lair:2)
  3 kobold demonologists (D:11)
  Maggie (D:7)
  3 komodo dragons
  A tengu conjurer (D:15)
  2 trolls
  A hornet (shapeshifter) (D:14)
  A raiju (shapeshifter) (D:13)
  Prince Ribbit (D:9)
  2 polar bears (D:11)
  3 meliai (D:15)
  3 blink frogs (Lair:2)
  8 slime creatures
  2 shadows
  A water elemental (Depths:1)
  24 yaks
  3 wyverns
  4 wraiths
  16 humans
  A basilisk (D:12)
  9 vampire mosquitoes
  An acid dragon (D:12)
  Edmund (D:4)
  3 water moccasins (Lair:1)
  An ice beast (D:6)
  5 orc warriors
  3 sky beasts (D:7)
  A black bear (D:5)
  11 centaurs
  9 wolves
  3 phantoms
  2 ogres (D:6)
  4 kobold brigands
  7 bullfrogs
  6 scorpions
  2 gnoll sergeants
  9 wights
  16 killer bees
  3 howler monkeys
  6 orc priests
  2 jellies (D:6)
  2 iguanas
  Ijyb (D:4)
  15 orc wizards
  14 gnolls
  2 adders
  A shadow imp (D:8)
  A white imp (D:8)
  2 ufetubi
  3 worms
  3 dart slugs
  44 orcs
  3 endoplasms
  6 giant cockroaches
  4 goblins
  7 hobgoblins
  25 kobolds
  A quokka (D:1)
  6 ball pythons
  4 bats
  7 frilled lizards
  6 rats
391 creatures vanquished.

Vanquished Creatures (others)
  A centaur (D:13)
  5 fungi (Lair:2)
  43 plants
49 creatures vanquished.

Grand Total: 440 creatures vanquished

Notes
Turn   | Place    | Note
-------+----------+-------------------------------------------
     0 | D:1      | Leeroy the Merfolk Gladiator began the quest for the Orb.
     0 | D:1      | Reached XP level 1. HP: 16/16 MP: 1/1
   210 | D:1      | Reached XP level 2. HP: 22/22 MP: 2/2
   935 | D:2      | Reached skill level 5 in Long Blades
   935 | D:2      | Reached XP level 3. HP: 27/27 MP: 3/3
  1307 | D:2      | Reached XP level 4. HP: 33/33 MP: 4/4
  1644 | D:2      | Found a shadowy altar of Dithmenos.
  1927 | D:3      | Found a faded altar of an unknown god.
  2298 | D:2      | Reached XP level 5. HP: 33/38 MP: 5/5
  2512 | D:4      | Noticed Ijyb
  2542 | D:4      | Killed Ijyb
  2610 | D:4      | Noticed Edmund
  2633 | D:4      | Killed Edmund
  2634 | D:4      | Reached XP level 6. HP: 32/44 MP: 6/6
  2854 | D:4      | Found a staircase to the Ecumenical Temple.
  2855 | D:4      | Noticed Duvessa
  2856 | D:4      | Noticed Dowan
  2867 | Temple   | Entered the Ecumenical Temple
  2877 | Temple   | Became a worshipper of the Wu Jian Council
  3485 | D:5      | Entered Level 5 of the Dungeon
  3607 | D:5      | Found a runed translucent door.
  3609 | D:5      | Noticed initializr's ghost (amateur OgTm)
  3641 | D:5      | Reached XP level 7. HP: 31/50 MP: 7/7
  4060 | D:5      | Found a glowing silver altar of Zin.
  4778 | D:6      | Reached skill level 10 in Long Blades
  4944 | D:6      | Found a radiant altar of Vehumet.
  4948 | D:6      | Found an iron altar of Okawaru.
  4970 | D:6      | Reached * piety under Wu Jian
  4990 | D:6      | Reached XP level 8. HP: 40/56 MP: 8/8
  5118 | D:6      | Reached skill level 1 in Evocations
  5956 | D:6      | Reached ** piety under Wu Jian
  6113 | D:6      | Reached skill level 1 in Armour
  6229 | D:6      | Identified the +6 rapier of Hutoat {drain, rPois rF+ rC+
                  | MP+9}
  6409 | D:6      | Found a shimmering blue altar of Sif Muna.
  6664 | D:6      | Reached XP level 9. HP: 50/61 MP: 9/9
  7057 | D:7      | Found a hazy altar of Hepliaklqana.
  7084 | D:7      | Noticed Maggie
  7094 | D:7      | Killed Maggie
  7241 | D:7      | Found Ijogocaux's Antique Armour Shop.
  7265 | D:7      | Noticed Joseph
  7281 | D:7      | Killed Joseph
  8216 | D:8      | Reached XP level 10. HP: 62/67 MP: 10/10
  8302 | D:8      | Identified the +8 long sword of the Silent Majority {speed,
                  | Fly}
  8649 | D:8      | Reached *** piety under Wu Jian
  8689 | D:8      | Reached skill level 5 in Armour
  9127 | D:9      | Noticed Prince Ribbit
  9148 | D:9      | Reached skill level 15 in Long Blades
  9165 | D:9      | Killed Prince Ribbit
  9166 | D:9      | Reached skill level 5 in Dodging
  9570 | D:9      | Reached skill level 6 in Dodging
  9838 | D:9      | Reached skill level 7 in Dodging
  9882 | D:9      | Reached skill level 8 in Dodging
  9887 | D:9      | Reached skill level 9 in Dodging
 10208 | D:9      | Found a staircase to the Lair.
 10255 | D:9      | Noticed Maurice
 10293 | D:9      | Killed Maurice
 10294 | D:9      | Reached skill level 10 in Dodging
 10443 | D:10     | Entered Level 10 of the Dungeon
 10833 | D:10     | Reached skill level 11 in Dodging
 11012 | D:10     | Reached XP level 11. HP: 72/72 MP: 11/11
 11120 | D:10     | Reached skill level 12 in Dodging
 11127 | D:10     | Reached **** piety under Wu Jian
 11453 | D:11     | Found a staircase to the Orcish Mines.
 11513 | D:11     | Noticed a boulder beetle
 11551 | D:11     | Killed a boulder beetle
 11552 | D:11     | Reached skill level 13 in Dodging
 11560 | D:11     | Identified the +10 war axe "Tytiexa" {heavy, Fly Str-5
                  | Dex+7}
 11609 | D:11     | Noticed a sun demon
 11627 | D:11     | Reached skill level 14 in Dodging
 11744 | D:11     | Noticed a cyclops
 11758 | D:11     | Killed a cyclops
 11830 | D:11     | Noticed a manticore
 11834 | D:11     | Killed a manticore
 11882 | D:11     | Found a bloodstained altar of Trog.
 11887 | D:11     | Reached skill level 15 in Dodging
 12225 | D:12     | Noticed a cyclops
 12236 | D:12     | Killed a cyclops
 12342 | D:12     | Noticed a cyan ugly thing
 12492 | Lair:1   | Entered Level 1 of the Lair of Beasts
 12576 | Lair:1   | Noticed a boulder beetle
 12603 | Lair:1   | Reached skill level 16 in Dodging
 12614 | Lair:1   | HP: 1/72 [yak (9)]
 12842 | Lair:1   | Killed a boulder beetle
 12843 | Lair:1   | Reached XP level 12. HP: 70/78 MP: 12/12
 13083 | Lair:1   | Reached skill level 17 in Dodging
 13706 | Lair:2   | Noticed initializr's ghost (journeyman KoBr)
 13767 | Lair:2   | Found a staircase to the Swamp.
 13833 | Lair:2   | Noticed a four-headed hydra
 13835 | Lair:2   | Reached skill level 5 in Fighting
 14475 | D:12     | Reached ***** piety under Wu Jian
 14495 | D:12     | Noticed a two-headed ogre
 14504 | D:12     | Killed a two-headed ogre
 15094 | D:13     | Reached skill level 10 in Fighting
 15094 | D:13     | Reached XP level 13. HP: 100/103 MP: 13/13
 15317 | D:13     | Identified the +7 rapier "Deorots" {flame, Dex+4}
 16240 | D:14     | Noticed Urug
 16240 | D:14     | Found a gate to the Vaults.
 16251 | D:13     | Reached skill level 1 in Stealth
 17434 | D:13     | Reached skill level 5 in Stealth
 18122 | D:14     | Killed Urug
 19017 | D:14     | Reached skill level 10 in Stealth
 19353 | D:15     | Entered Level 15 of the Dungeon
 19361 | D:15     | Reached XP level 14. HP: 115/115 MP: 14/14
 19402 | D:15     | Noticed a fire giant
 19403 | D:15     | Found a staircase to the Depths.
 19674 | D:15     | Killed a fire giant
 20319 | Depths:1 | Entered Level 1 of the Depths
 20351 | Depths:1 | Noticed a stone giant
 20407 | Depths:1 | Noticed a frost giant
 20434 | Depths:1 | Killed a frost giant
 20458 | Depths:1 | Noticed a sphinx
 20465 | Depths:1 | Hit by a large rock thrown by a stone giant

Illustrated notes

Levels and vault maps discovered:
D:1:      lemuel_arrival_cross, layout_loops_ring
D:2:      layout_basic, basic_altar
D:3:      layout_rooms, hellmonk_ecumenical_altar_crossroads, minivault_25
D:4:      layout_loops_cross, minmay_temple_entry_water_ring, solitary_fountain,
          uniq_edmund, uniq_ijyb, uniq_duvessa
D:5:      layout_basic, mainiacjoe_overflow_boulevard,
          ebering_ghost_reflecting_pool
D:6:      kennysheep_kobold_camp, layout_basic, lemuel_blue_sif_altar,
          jmf_multi_god_temple
D:7:      layout_basic, nicolae_hepliaklqana_hazy_memory, serial_shops,
          nicolae_shop_advertising_works [nicolae_subvault_shop_adworks],
          dk_noncrumbling_3, nicolae_benzene_ring, st_stairs_11, uniq_maggie,
          uniq_joseph
D:8:      minmay_goldmine, layout_basic, minivault_27
D:9:      layout_irregular_city, lair_entry_dummy, serial_bayou_pond_a,
          uniq_maurice, uniq_prince_ribbit1
D:10:     layout_loops_ring, ebering_dispersal_statue_hall,
          minmay_misc_feat_columns, serial_bayou_crossing
D:11:     layout_gridville, orc_0_dummy, gauntlet_entry_generic,
          trog_ov_bears_minmay
D:12:     layout_basic, einodemon_barbed_minivault
D:13:     layout_loops_ring
D:14:     layout_irregular_city, david_vaults_3
D:15:     grunt_enter_depths_giant_problem, layout_long_grid,
          minmay_tree_intersection
Temple:   sentei_temple_godly_chess
Lair:1:   layout_big_grid
Lair:2:   layout_layer_cave, swamp_mist, minmay_snake_entry_six_corridors,
          hellmonk_ghost_happy_afterlife, st_stairs_8
Depths:1: layout_cave_pools, serial_shops, shop_statue,
          hangedman_decor_clover_reticule, grunt_hell_entry_dis_mu,
          lightli_minifort

Skill      XL: |  1  2  3  4  5  6  7  8  9 10 11 12 13 14 |
---------------+-------------------------------------------+-----
Long Blades    | 4 5 6 8 9 11 13 14 15 | 15.0
Evocations     | 1 |  1.0
Armour         | 2 4 5 |  5.0
Dodging        | 11 16 17 | 17.4
Fighting       | 10 12 | 12.0
Stealth        | 10 12 | 12.6
Throwing       | |  2.0
Shields        | |  0.3

Action                   |  1- 3 |  4- 6 |  7- 9 | 10-12 | 13-15 || total
-------------------------+-------+-------+-------+-------+-------++-------
Melee: Long sword        |    82 |   171 |   282 |   720 |   414 ||  1669
       Punch             |     1 |     2 |     2 |    14 |    14 ||    33
       Rapier            |       |       |   108 |    94 |    57 ||   259
       Unarmed           |       |       |       |       |    34 ||    34
Throw: Throwing net      |       |     2 |       |     4 |       ||     6
Invok: Lunge             |       |     3 |    20 |    42 |    28 ||    93
       Whirlwind         |       |       |    16 |    75 |    60 ||   151
       Serpent's Lash    |       |       |       |     4 |     6 ||    10
 Abil: Wall Jump         |       |       |       |    11 |    11 ||    22
Evoke: Wand              |       |       |     2 |     1 |     4 ||     7
  Use: Scroll            |       |     3 |     8 |     2 |     6 ||    19
       Potion            |       |       |     8 |     4 |     4 ||    16
 Stab: Sleeping          |     1 |       |       |       |     3 ||     4
       Held in net/web   |       |     1 |       |       |       ||     1
       Paralysed         |       |       |     3 |     5 |     5 ||    13
       Distracted        |       |       |       |       |     2 ||     2
Armor: Leather armour    |    15 |    29 |       |       |       ||    44
       Scale mail        |       |     6 |   164 |   113 |    69 ||   352
       Skin              |       |     2 |       |       |       ||     2
Dodge: Dodged            |    50 |   112 |   160 |   235 |   230 ||   787
Block: Other             |       |       |    68 |    91 |    37 ||   196
       Reflection        |       |       |     4 |     1 |     6 ||    11
       Buckler           |       |       |       |       |    24 ||    24

Table legend: (Time is in decaauts)
 A = Elapsed time spent in this place.
 B = Non-inter-level travel time spent in this place.
 C = Inter-level travel time spent in this place.
 D = Time resting spent in this place.
 E = Time spent auto-exploring this place.
 F = Levels seen in this place.
 G = Mean time per level.
                   A        B        C        D        E       F      G
               +--------+--------+--------+--------+--------+-----+--------+
         Total |  20010 |  19062 |    948 |   3720 |  12105 |  19 | 1053.2 |
       Dungeon |  18560 |  17669 |    891 |   3619 |  11142 |  15 | 1237.3 |
        Temple |     15 |     15 |      0 |      0 |      0 |   1 |   15.0 |
          Lair |   1298 |   1241 |     57 |     99 |    895 |   2 |  649.0 |
        Depths |    136 |    136 |      0 |      1 |     67 |   1 |  136.0 |
               +--------+--------+--------+--------+--------+-----+--------+

Top non-repeatable levels by time:
    D:13: 2646 daAuts
     D:6: 1670 daAuts
    D:14: 1532 daAuts
     D:5: 1514 daAuts
     D:9: 1479 daAuts
     D:7: 1289 daAuts
     D:2: 1178 daAuts
     D:8: 1135 daAuts
     D:4: 1115 daAuts
    D:12: 1029 daAuts
    D:10: 968 daAuts
    D:15: 945 daAuts
  Lair:1: 923 daAuts
     D:1: 772 daAuts
    D:11: 746 daAuts
